 Dungeon Crawl Stone Soup version 0.22.0-38-g04b72b8 (webtiles) character file.

123 Marcoleric the Covert (level 4, -12/23 HPs)
             Began as a Spriggan Assassin on Aug 30, 2018.
             Killed by divine providence
             ... invoked by an orc priest
              (14 damage)
             ... on level 3 of the Dungeon.
             The game lasted 00:12:36 (2394 turns).

Marcoleric the Covert (Spriggan Assassin)           Turns: 2394, Time: 00:12:36

Health: -12/23     AC:  3    Str:  7    XL:     4   Next: 80%
Magic:  5/5        EV: 18    Int: 12    God:
Gold:   84         SH:  0    Dex: 18    Spells: 3/3 levels left

rFire    x . .     SeeInvis +   a - +2 dagger
rCold    + . .     Gourm    .   (shield restricted)
rNeg     . . .     Faith    .   c - +0 robe
rPois    .         Spirit   .   (helmet restricted)
rElec    .         Reflect  .   d - +0 cloak
rCorr    .         Harm     .   (gloves unavailable)
MR       .....                  (boots unavailable)
Stlth    ++++......             (no amulet)
HPRegen  0.07/turn              p - ring of ice
MPRegen  0.09/turn              (no ring)

@: very quick
A: very small, unfitting armour, see invisible, herbivore, speed 3, slow
metabolism 2
a: no special abilities


You were on level 3 of the Dungeon.
You were not hungry.

You visited 1 branch of the dungeon, and saw 3 of its levels.

You collected 84 gold pieces.

Inventory:

Hand Weapons
 a - a +2 dagger (weapon)
 b - a +1 blowgun
Missiles
 e - 22 poisoned needles
 f - 2 curare-tipped needles
 n - 4 needles of confusion
Armour
 c - a +0 robe (worn)
 d - a +0 cloak (worn)
Jewellery
 p - a ring of ice (left hand)
Scrolls
 i - a scroll of identify
 k - 2 scrolls of blinking
Potions
 h - a potion of lignification {unknown}
 j - a potion of agility
Comestibles
 g - 6 rations


   Skills:
 + Level 1.8 Fighting
 + Level 2.8 Short Blades
 + Level 2.0 Throwing
 + Level 2.8 Dodging
 * Level 8.4 Stealth


You had 3 spell levels left.
You didn't know any spells.
Your spell library was empty.

Dungeon Overview and Level Annotations

Branches:
Dungeon (3/15)

Altars:
Gozag
Uskayaw
The Shining One


Innate Abilities, Weirdness & Mutations

You are very small and have problems with some larger weapons.
You are too small for most types of armour.
You have supernaturally acute eyesight. (SInv)
You are a herbivore.
You cover ground extremely quickly.
You need to consume almost no food.


Message History

The orc priest is severely wounded.
You hit the orc priest but do no damage.
The orc priest is severely wounded.
The orc priest invokes the aid of Beogh against you.
Pain shoots through your body!
Ouch! That really hurt!
* * * LOW HITPOINT WARNING * * *
You closely miss the orc priest.
The orc priest is severely wounded.
The orc priest barely misses you.
You closely miss the orc priest.
The orc priest is severely wounded.
The orc priest mumbles some strange prayers to Beogh against you.
You struggle to resist.
You barely miss the orc priest.
The orc priest is severely wounded.
The orc priest calls down the wrath of Beogh upon you.
Beogh smites you!
Ouch! That really hurt!
You die...

##.###### ### #.#.....####.##
##.###...##...#### #.#
#......?..... #.# #...##...####
####.#########.## # #..
#........# #.# # #..# #.##.###.#
#.# #... #.o@.# #.# ##'## ...
#.#### #.# ##...## ##.#### #.####
#.###.<...##
##.....######.##.###.##.......##
##..#.#.#.#.#o#.#.#.#.#.........#
......)...o)..>.......'.........'
##..#.#.#.#.#.#o#.#.###.........#
##....o.......o.....###.......##
#.#.#.#.#)#.#o#.#.## ##.....##


You could see an orc priest.

Vanquished Creatures
  Jessica (D:2)
  2 adders (D:2)
  2 dart slugs (D:3)
  7 leopard geckos
  An orc (D:3)
  12 bats
  A giant cockroach (D:1)
  7 goblins
  12 hobgoblins
  5 jackals (D:2)
  2 ball pythons (D:1)
  2 frilled lizards (D:2)
  3 kobolds
  4 rats
61 creatures vanquished.

Notes
Turn   | Place    | Note
-------+----------+-------------------------------------------
     0 | D:1      | Marcoleric the Spriggan Assassin began the quest for the Orb.
     0 | D:1      | Reached XP level 1. HP: 10/10 MP: 2/2
    14 | D:1      | Reached skill level 6 in Stealth
    73 | D:1      | Reached XP level 2. HP: 14/14 MP: 3/3
   601 | D:2      | Reached skill level 7 in Stealth
   713 | D:2      | Reached XP level 3. HP: 9/18 MP: 4/4
  1635 | D:2      | Noticed Jessica
  1670 | D:2      | Reached XP level 4. HP: 15/23 MP: 5/5
  1677 | D:2      | Killed Jessica
  1677 | D:2      | Reached skill level 8 in Stealth
  1982 | D:3      | Found a glowing golden altar of the Shining One.
  1982 | D:3      | Found an opulent altar of Gozag.
  1983 | D:3      | Found a hide-covered altar of Uskayaw.
  2394 | D:3      | Killed from afar by an orc priest

Skill      XL: |  1  2  3  4 |
---------------+-------------+-----
Stealth        | 6 7 8 |  8.4
Dodging        | 2 |  2.8
Fighting       | |  1.8
Short Blades   | |  2.8
Throwing       | |  2.0

Action                   |  1- 3 |  4- 6 || total
-------------------------+-------+-------++-------
Melee: Dagger            |   140 |    70 ||   210
  Use: Scroll            |     9 |       ||     9
       Potion            |     6 |       ||     6
 Stab: Sleeping          |    14 |     8 ||    22
       Invisible         |     5 |       ||     5
       Distracted        |     1 |       ||     1
Armor: Robe              |    25 |     4 ||    29
Dodge: Dodged            |   136 |    43 ||   179
